AoeStats
← rocko8921

Arabia

510221594Analyzed
1v1 RM · 2d ago on Sep 30, 2026· 30m 57s· 2 players
Game mode
Random Map
Map size
Tiny (2 player)
Population
200
Speed
Normal
Resources
Standard
Victory
Conquest
Starting age
Dark Age
Ending age
Imperial Age
RankedLock teamsTeams togetherTeam positionsShared explorationLock speedFull tech treeHidden civsTurbo modeCheats
Victory
Defeat
🇲🇽 Aztecs · Mexico
562
+17
🇲🇽 Magyars · Mexico
583
-17
rocko8921
0:32 Loom
11:44 Feudal Age
12:15 Horse Collar
12:23 Double-Bit Axe
16:10 Arson
16:39 Gold Mining
19:21 Padded Archer Armor
19:12 Fletching
19:23 Scale Mail Armor
19:34 Forging
24:31 Castle Age
23:25 Stone Mining
24:53 Crossbowman
24:57 Eagle Warrior
25:37 Squires
25:23 Gambesons
25:59 Leather Archer Armor
25:58 Heavy Plow
26:22 Bow Saw
26:13 Elite Skirmisher
29:18 Bodkin Arrow
brauxico
5:30 Loom
11:35 Feudal Age
12:38 Double-Bit Axe
18:29 Castle Age
18:12 Town Watch
18:50 Elite Skirmisher
20:43 Horse Collar
21:20 Bow Saw
23:34 Wheelbarrow
27:37 Stone Mining
Connection lost

Rejoining the realm…

Still unreachable

The connection could not be restored.

Session expired

The server has moved on; the page needs a fresh start.